 Dungeon Crawl Stone Soup version 0.20.1-1-g8b1a95d (webtiles) character file.

39 Golfball the Skirmisher (level 3, -7/24 HPs)
             Began as a Gargoyle Fighter on Aug 22, 2017.
             Mangled by Sigmund
             ... wielding a +0 scythe of protection
              (9 damage)
             ... on level 2 of the Dungeon.
             The game lasted 00:02:46 (580 turns).

Golfball the Skirmisher (Gargoyle Fighter)           Turns: 580, Time: 00:02:47

Health: -7/24      AC: 10    Str: 24    XL:     3   Next: 45%
Magic:  3/3        EV:  7    Int:  8    God:
Gold:   71         SH:  0    Dex: 10    Spells: 2/2 levels left

rFire    . . .     SeeInvis .   a - +0 flail
rCold    . . .     Gourm    .   c - +0 shield
rNeg     + . .     Faith    .   b - +0 scale mail
rPois    ∞         Spirit   .   (no helmet)
rElec    +         Reflect  .   (no cloak)
rCorr    .         Harm     .   (no gloves)
MR       .....                  (no boots)
Stlth    ..........             (no amulet)
Regen    0.1/turn               (no ring)
MPRegen  0.1/turn               (no ring)

@: confused, mighty
A: negative energy resistance 1, electricity resistance, unbreathing,
petrification resistance, rot immunity, AC +3
a: no special abilities


You were on level 2 of the Dungeon.
You were not hungry.

You visited 1 branch of the dungeon, and saw 2 of its levels.

You collected 71 gold pieces.

Inventory:

Hand Weapons
 a - a +0 flail (weapon)
Missiles
 n - 37 stones (quivered)
 q - 15 sling bullets
Armour
 b - a +0 scale mail (worn)
 c - a +0 shield (worn)
Scrolls
 i - a scroll of remove curse {unknown}
 j - a scroll of identify {unknown}
 m - a scroll of teleportation {unknown}
Potions
 e - a potion of lignification {unknown}
 h - a potion of degeneration {unknown}
 k - a potion of resistance {unknown}
 o - 2 potions of flight {unknown}
 p - a potion of haste {unknown}
Comestibles
 f - 2 bread rations
 g - 5 chunks of flesh
 l - a royal jelly


   Skills:
 + Level 3.9 Fighting
 + Level 3.2 Maces & Flails
 - Level 3.2 Armour
 - Level 3.2 Shields


You had 2 spell levels left.
You didn't know any spells.

Dungeon Overview and Level Annotations

Branches:
Dungeon (2/15)

Altars:

Annotations:
D:2 Sigmund


Innate Abilities, Weirdness & Mutations

You are resistant to torment.
Your stone body is resilient. (AC +3)
You are immune to poison.
You resist negative energy. (rN+)
You are resistant to electric shocks. (rElec)
You can survive without breathing.
You are immune to petrification.
You are immune to rotting.


Message History

You closely miss something. You barely miss something.
You block something's attack.
You miss something. Something completely misses you.
You feel very mighty all of a sudden. Something hits you.
* * * LOW HITPOINT WARNING * * *
You miss something. You block something's attack.
You closely miss something. Something hits you but does no damage.
You sock something! You closely miss something.
You hear some strange, mumbled words.
A magic dart appears from out of thin air!
The magic dart hits you!
* * * LOW HITPOINT WARNING * * *
You hear some strange, mumbled words.
You are confused.
Something hits you but does no damage.
You closely miss something. Something hits you but does no damage.
You miss something. Something hits you!
You die...

###+##.<.......
.......)#.#####
...>.....#.##
#...#.....#.##
#.. #......#.##
#. #....$..#.#
# #........#.#
###..{....#.#
#..@.....#
#.........#
....##......#
......#.#.....#
#####.## ....##
#. .....#
.....# ...#.


There were no monsters in sight!

Vanquished Creatures
  An adder (D:2)
  A dart slug (D:1)
  2 leopard geckos (D:1)
  2 giant cockroaches (D:1)
  5 goblins
  4 hobgoblins (D:1)
  A kobold (D:1)
  4 bats (D:1)
  A frilled lizard (D:1)
  5 rats (D:1)
26 creatures vanquished.

Notes
Turn   | Place    | Note
-------+----------+-------------------------------------------
     0 | D:1      | Golfball the Gargoyle Fighter began the quest for the Orb.
     0 | D:1      | Reached XP level 1. HP: 14/14 MP: 1/1
   156 | D:1      | Reached XP level 2. HP: 19/19 MP: 2/2
   342 | D:1      | Reached XP level 3. HP: 24/24 MP: 3/3
   549 | D:2      | Noticed Sigmund
   580 | D:2      | Mangled by Sigmund

Skill      XL: |  1  2 |
---------------+-------+-----
Maces & Flails | 3 |  3.2
Fighting       | |  3.9
Armour         | |  3.2
Shields        | |  3.2

Action                   || total
-------------------------++-------
Melee: Flail             ||    84
  Use: Potion            ||     1
Armor: Scale mail        ||    38
Dodge: Dodged            ||    25
Block: Shield            ||    36
